 Dungeon Crawl Stone Soup version 0.23-a0-586-gacb4b3f (webtiles) character file.

44 KristoblXynda the Sneak (level 3, -4/18 HPs)
             Began as a Spriggan Assassin on Dec 19, 2018.
             Slain by a worm (11 damage)
             ... on level 2 of the Dungeon.
             The game lasted 00:02:49 (1338 turns).

KristoblXynda the Sneak (Spriggan Assassin)         Turns: 1338, Time: 00:02:50

Health: -4/18      AC:  3    Str:  8    XL:     3   Next: 39%
Magic:  4/4        EV: 18    Int: 12    God:
Gold:   82         SH:  0    Dex: 17    Spells: 2/2 levels left

rFire    . . .     SeeInvis +   j - +0 dagger (venom)
rCold    . . .     Gourm    .   (shield restricted)
rNeg     . . .     Faith    .   c - +0 robe
rPois    .         Spirit   .   (helmet restricted)
rElec    .         Reflect  .   d - +0 cloak
rCorr    .         Harm     .   (gloves unavailable)
MR       .....                  (boots unavailable)
Stlth    +++.......             (no amulet)
HPRegen  0.06/turn              (no ring)
MPRegen  0.09/turn              (no ring)

@: very quick
A: very small, unfitting armour, see invisible, herbivore, speed 3, slow
metabolism 2
a: no special abilities


You were on level 2 of the Dungeon.
You were not hungry.

You visited 1 branch of the dungeon, and saw 2 of its levels.

You collected 82 gold pieces.

Inventory:

Hand Weapons
 a - a +2 dagger
 b - a +0 blowgun
 j - a +0 dagger of venom (weapon)
Missiles
 e - 8 poisoned needles
 f - 2 curare-tipped needles
Armour
 c - a +0 robe (worn)
 d - a +0 cloak (worn)
Scrolls
 h - a scroll of teleportation
 i - 4 scrolls of identify
 l - a scroll of blinking {unknown}
Potions
 k - a potion of haste
Comestibles
 g - 5 rations


   Skills:
 + Level 2.0 Fighting
 + Level 2.8 Short Blades
 - Level 2.0 Throwing
 + Level 2.8 Dodging
 + Level 6.4 Stealth


You had 2 spell levels left.
You didn't know any spells.
Your spell library was empty.

Dungeon Overview and Level Annotations

Branches:
Dungeon (2/15)

Altars:


Innate Abilities, Weirdness & Mutations

You are very small and have problems with some larger weapons.
You are too small for most types of armour.
You have supernaturally acute eyesight. (SInv)
You are a herbivore.
You cover ground extremely quickly.
You need to consume almost no food.


Message History

An orc priest is nearby!
You see here a +0 club.
Items here: )) ÷÷ a +0 club x2; a hobgoblin skeleton; a goblin skeleton
Found a scroll labeled POUXKA VEONK.
l - a scroll labeled POUXKA VEONK A worm comes into view.
A worm is nearby!
You hit the worm but do no damage.
The worm is poisoned.
You hit the worm but do no damage.
The worm is lightly wounded.
The worm bites you!
Ouch! That really hurt!
You hit the worm.
The worm looks even sicker.
The worm is lightly wounded.
You hit the worm but do no damage.
The worm looks as sick as possible!
The worm is moderately wounded.
The worm bites you!
Ouch! That really hurt!
You die...

.. .# .. .. .# .##
##. ..# #.. #####.#
#.# #...#.# #.#
+.w@..#####.####
#...#..##......####.
##.##.....#.##......
#....###.#.........
⌠....## #.#..#.#####
##.#. #.#.........
..... #......##.#.
...... ######.##...
.#.## #......


You could see a worm.

Vanquished Creatures
  A worm (D:2)
  A leopard gecko (D:1)
  7 orcs (D:2)
  A giant cockroach (D:2)
  3 goblins
  4 hobgoblins
  4 jackals (D:1)
  A quokka (D:2)
  3 bats (D:1)
  3 frilled lizards
  2 rats (D:1)
30 creatures vanquished.

Notes
Turn   | Place    | Note
-------+----------+-------------------------------------------
     0 | D:1      | KristoblXynda the Spriggan Assassin began the quest for the
                  | Orb.
     0 | D:1      | Reached XP level 1. HP: 10/10 MP: 2/2
   203 | D:1      | Reached skill level 6 in Stealth
   243 | D:1      | Reached XP level 2. HP: 10/15 MP: 3/3
   911 | D:2      | Reached XP level 3. HP: 18/18 MP: 4/4
  1338 | D:2      | Slain by a worm

Vault maps used:
D:1:      minmay_arrival_solitary_statue
D:2:      cheibrodos_pilgrimage, evilmike_ruin_ashenzari, minmay_close_crescents

Skill      XL: |  1  2 |
---------------+-------+-----
Stealth        | 6 |  6.4
Dodging        | 2 |  2.8
Fighting       | 2 |  2.0
Short Blades   | |  2.8
Throwing       | |  2.0

Action                   || total
-------------------------++-------
Melee: Dagger            ||   104
  Use: Scroll            ||     2
 Stab: Sleeping          ||     5
Armor: Robe              ||     8
Dodge: Dodged            ||    83

Table legend:
 A = Non-vault XP
 B = Vault XP
 C = Vault XP percentage of total XP
 D = Non-vault monster count
 E = Vault monster count
 F = Vault count percentage of total count
                 A         B        C        D         E       F
            +---------+---------+-------+---------+---------+-------
      Total |      54 |       9 |  14.3 |      27 |       3 |  10.0
            +---------+---------+-------+---------+---------+-------
        D:1 |      26 |       0 |   0.0 |      16 |       0 |   0.0
        D:2 |      28 |       9 |  24.3 |      11 |       3 |  21.4
            +---------+---------+-------+---------+---------+-------
